Map: Orbital Depot

Players

DoctorFunk

  • Race: Protoss Protoss
  • Spawn Location: 3:00

Humperwinkle

  • Race: Terran Terran
  • Spawn Location: 1:00

Raf

  • Race: Zerg Zerg
  • League: Platinum
  • Spawn Location: 3:00

Metasapien

  • Race: Zerg Zerg
  • League: Platinum
  • Spawn Location: 9:00

Teredal

  • Race: Protoss Protoss
  • League: Silver
  • Spawn Location: 7:00

Hammy

  • Race: Protoss Protoss
  • League: Platinum
  • Spawn Location: 9:00

VOD

Have the link to the VOD?

Description

Time

  • Played on: Sept. 23, 2017, 4:46 a.m.
  • Length: 11:53
Show
View Real Time Build Order
Export as new Build Order

DoctorFunk Protoss 

Build Orders:  

Get SALT Encoding   

  12  0:05  Probe (Chrono Boost)  
  13  0:15  Pylon  
  13  0:18  Probe (Chrono Boost)  
  14  0:32  Probe (Chrono Boost)  
  15  0:42  Probe (Chrono Boost)  
  16  0:45  Gateway  
  16  1:03  Probe (Chrono Boost)  
  17  1:14  Probe (Chrono Boost)  
  18  1:23  Assimilator  
  18  1:24  Probe (Chrono Boost)  
  19  1:35  Cybernetics Core  
  19  1:40  Forge  
  19  1:43  Pylon  
  19  1:45  Probe (Chrono Boost)  
  20  1:55  Probe (Chrono Boost), Pylon  
  21  2:06  Probe (Chrono Boost), Assimilator  
  22  2:13  Gateway  
  22  2:16  Probe (Chrono Boost)  
  23  2:40  Nexus  
  23  2:47  Stargate  
  23  2:50  Probe (Chrono Boost)  
  24  2:59  Pylon  
  24  3:07  Probe (Chrono Boost)  
  25  3:24  Probe (Chrono Boost)  
  25  3:34  Pylon  
  25  3:41  Pylon  
  25  3:42  Void Ray  
  29  3:50  Stargate  
  29  4:00  Photon Cannon  
  29  4:08  Photon Cannon  
  29  4:13  Photon Cannon  
  29  4:20  Photon Cannon  
  29  4:23  Photon Cannon  
  29  4:37  Void Ray  
  32  4:45  Photon Cannon  
  32  4:49  Photon Cannon  
  32  4:55  Protoss Shields Level 1  
  32  5:02  Void Ray  
  36  5:37  Nexus  
  36  6:25  Void Ray x2  
  40  6:50  Pylon  
  40  6:53  Pylon  
  40  6:56  Pylon  
  40  6:59  Assimilator  
  40  7:01  Assimilator  
  40  7:08  Void Ray  
  44  7:14  Fleet Beacon  
  44  7:17  Probe (Chrono Boost)  
  44  7:18  Probe (Chrono Boost)  
  46  7:27  Photon Cannon  
  46  7:28  Probe (Chrono Boost)  
  47  7:37  Photon Cannon  
  47  7:39  Probe (Chrono Boost)  
  44  8:03  Probe (Chrono Boost)  
  45  8:10  Void Ray  
  49  8:13  Probe (Chrono Boost)  
  50  8:24  Probe (Chrono Boost)  
  51  8:35  Probe (Chrono Boost)  
  52  8:45  Probe (Chrono Boost)  
  53  8:56  Probe (Chrono Boost)  
  50  9:06  Probe (Chrono Boost)  
  52  9:17  Probe (Chrono Boost)  
  48  9:27  Photon Cannon  
  48  9:30  Photon Cannon  
  48  9:33  Photon Cannon x2  
  48  9:35  Photon Cannon  
  48  9:40  Photon Cannon  
  48  9:43  Photon Cannon  
  48  9:47  Probe (Chrono Boost), Photon Cannon  
  48  9:49  Photon Cannon  
  49  9:58  Probe (Chrono Boost)  
  50  10:08  Probe (Chrono Boost)  
  51  10:15  Tempest x2  
  51  10:19  Probe (Chrono Boost)  
  64  10:29  Probe (Chrono Boost)  
  73  11:29  Mothership Core (Chrono Boost)  
  75  11:36  Twilight Council  
Show
View Real Time Build Order
Export as new Build Order

Humperwinkle Terran 

Build Orders: Cyclone Opening, Mech 

Get SALT Encoding   

  12  0:03  SCV  
  13  0:14  Supply Depot  
  13  0:15  SCV  
  13  0:20  Refinery  
  14  0:27  SCV  
  15  0:39  SCV  
  16  0:47  Barracks  
  16  0:51  SCV  
  16  0:53  Refinery  
  17  1:03  SCV  
  18  1:16  SCV  
  19  1:19  Command Center  
  19  1:28  SCV  
  20  1:35  Factory, Barracks Reactor  
  21  1:51  Supply Depot  
  21  1:52  Orbital Command  
  20  2:17  SCV  
  21  2:25  Cyclone  
  21  2:26  Cyclone  
  27  2:34  Factory  
  27  2:37  Orbital Command  
  27  2:56  SCV  
  27  2:57  Cyclone  
  31  3:11  Cyclone  
  34  3:13  SCV x2  
  36  3:22  Cyclone  
  39  3:28  Supply Depot  
  39  3:31  Orbital Command  
  39  3:40  Cyclone  
  42  4:07  Command Center  
  42  4:13  Factory Tech Lab  
  42  4:15  Cyclone  
  45  4:18  SCV x2  
  47  4:30  SCV  
  48  4:35  Siege Tank  
  51  4:48  Cyclone  
  54  5:18  SCV x2  
  56  5:25  Cyclone  
  56  5:43  Cyclone  
  47  6:03  Cyclone  
  42  6:13  SCV x2  
  42  6:14  Orbital Command  
  42  6:18  Refinery  
  41  6:36  SCV x2  
  43  6:43  Siege Tank, Widow Mine  
  48  6:48  SCV x2  
  48  6:50  Armory  
  48  6:53  SCV  
  51  7:10  SCV x3  
  51  7:14  Factory  
  54  7:18  Refinery  
  54  7:21  Refinery  
  54  7:22  SCV x2  
  56  7:26  SCV  
  57  7:39  SCV x2  
  57  7:40  SCV  
  63  7:45  Thor  
  63  7:46  Widow Mine  
  68  7:51  SCV  
  69  8:00  Supply Depot  
  69  8:01  Factory Tech Lab, Supply Depot  
  69  8:02  Supply Depot  
  69  8:05  Starport  
  69  8:06  Terran Vehicle And Ship Armor Level 1  
  69  8:16  SCV x3, Widow Mine  
  69  8:17  Refinery  
  74  8:25  Siege Tank  
  77  8:29  Starport, SCV x3  
  80  8:34  Supply Depot  
  80  8:41  SCV x3  
  83  8:46  Drilling Claws  
  83  8:53  SCV x2  
  85  8:57  Widow Mine x2  
  85  8:58  Thor  
  85  9:00  SCV  
  96  9:06  Armory  
  96  9:07  Starport Reactor  
  96  9:10  SCV x2  
  96  9:12  SCV  
  99  9:22  Thor, SCV  
  106  9:25  SCV  
  106  9:26  SCV  
  106  9:29  Supply Depot  
  106  9:31  Supply Depot x2  
  108  9:34  SCV  
  106  9:49  Siege Tank, Widow Mine x2  
  106  9:50  SCV  
  106  9:51  SCV x2  
  116  9:55  Command Center  
  116  9:57  Terran Vehicle Weapons Level 1  
  116  10:00  Starport Reactor  
  116  10:01  Starport Tech Lab  
  116  10:03  SCV  
  116  10:04  Liberator  
  117  10:08  Hellion  
  117  10:09  SCV x2  
  117  10:11  Factory  
  121  10:15  SCV  
  125  10:23  Fusion Core  
  125  10:26  SCV x2  
  127  10:50  Liberator x3  
  127  10:57  Siege Tank  
  127  10:58  Siege Tank  
  127  10:59  Widow Mine x2  
  137  11:10  SCV x2  
  148  11:12  Factory Reactor  
  148  11:14  Factory  
  148  11:22  Refinery  
  148  11:24  Refinery  
  148  11:28  Hellion  
Show
View Real Time Build Order
Export as new Build Order

Raf Zerg 

Build Orders: Pool First 

Get SALT Encoding   

  12  0:02  Drone  
  13  0:15  Drone  
  14  0:24  Extractor  
  14  0:25  Drone  
  14  0:35  Spawning Pool  
  13  0:38  Drone  
  14  0:46  Extractor  
  14  0:48  Drone  
  15  1:18  Hatchery  
  15  1:22  Overlord  
  14  1:33  Metabolic Boost  
  14  1:40  Drone x2  
  14  1:46  Drone  
  17  1:52  Drone  
  18  2:03  Queen  
  18  2:07  Drone  
  21  2:18  Drone  
  22  2:29  Overlord  
  22  2:33  Drone  
  23  2:38  Zergling x2  
  24  2:44  Queen  
  26  2:52  Roach Warren  
  25  3:01  Drone  
  25  3:03  Drone x2  
  28  3:14  Drone  
  28  3:15  Drone x2  
  28  3:17  Extractor  
  30  3:25  Drone x3  
  33  3:31  Spore Crawler  
  33  3:32  Roach x2  
  36  3:37  Lair  
  35  3:52  Overlord x3  
  35  3:53  Overlord  
  35  3:59  Overlord  
  35  4:07  Overlord  
  35  4:43  Zergling x2  
  35  4:44  Zergling x4  
  29  5:07  Drone x2  
  29  5:08  Drone x3  
  29  5:12  Roach Warren  
  33  5:14  Queen  
  33  5:15  Drone  
  33  5:17  Drone x3  
  39  5:23  Drone  
  40  5:30  Queen  
  40  5:32  Drone x2  
  44  5:46  Hatchery  
  43  5:54  Glial Reconstitution  
  43  5:56  Roach x3  
  53  5:57  Roach x4  
  53  6:03  Extractor  
  56  6:06  Extractor  
  56  6:09  Roach  
  56  6:10  Roach  
  60  6:25  Roach x2  
  60  6:26  Roach x3  
  60  6:31  Drone  
  67  6:51  Roach  
  67  6:52  Roach x4  
  59  7:02  Roach x4  
  62  7:12  Roach x4  
  66  7:20  Drone  
  66  7:21  Drone x2  
  66  7:22  Queen  
  67  7:33  Drone x2  
  67  7:34  Drone  
  67  7:35  Drone  
  67  7:36  Drone  
  72  7:53  Roach  
  72  7:54  Roach x3  
  72  7:55  Roach  
  82  7:59  Overlord  
  82  8:03  Overlord  
  82  8:16  Overlord x2  
  82  8:17  Queen x2  
  86  8:20  Extractor  
  86  8:21  Drone  
  86  8:22  Extractor  
  86  8:27  Drone x2, Spire  
  86  8:29  Drone  
  86  8:32  Drone x4  
  86  8:33  Drone  
  92  8:53  Queen  
  94  8:59  Roach x4  
  94  9:00  Roach x4  
  94  9:01  Roach x2  
  114  9:04  Overlord  
  114  9:14  Overlord x2  
  114  9:15  Overlord  
  114  9:26  Drone  
  114  9:27  Drone  
  116  9:44  Zerg Flyer Weapons Level 1  
  116  9:45  Pneumatized Carapace  
  116  9:46  Mutalisk x2  
  116  9:48  Drone  
  116  9:49  Drone  
  122  9:58  Mutalisk x2  
  126  10:00  Zergling x6  
  126  10:01  Zergling x4  
  131  10:14  Drone x4  
  132  10:15  Drone  
  132  10:19  Mutalisk x3  
  113  10:51  Mutalisk x4  
  113  10:52  Mutalisk  
  113  10:53  Zergling x8  
  113  10:54  Zergling x10  
  118  11:07  Mutalisk x2  
  118  11:08  Mutalisk  
  118  11:10  Zergling x2  
  119  11:26  Mutalisk  
  119  11:27  Mutalisk x2  
  119  11:28  Zergling x6  
Show
View Real Time Build Order
Export as new Build Order

Metasapien Zerg 

Build Orders: Pool First 

Get SALT Encoding   

  12  0:01  Drone  
  13  0:13  Overlord  
  13  0:31  Spawning Pool  
  13  0:35  Drone  
  13  0:39  Drone  
  14  0:44  Drone  
  15  0:50  Extractor  
  15  0:51  Drone  
  15  0:57  Drone  
  16  1:08  Drone  
  17  1:19  Drone  
  19  1:32  Drone  
  19  1:34  Hatchery  
  18  1:40  Drone  
  19  1:50  Drone  
  19  1:52  Metabolic Boost  
  20  2:18  Hatchery  
  20  2:20  Drone  
  20  2:23  Overlord  
  20  2:29  Zergling x2  
  21  2:41  Overlord, Queen  
  23  2:50  Zergling x2  
  24  2:57  Zergling x2  
  25  2:58  Zergling x2  
  25  2:59  Drone  
  25  3:04  Queen  
  29  3:10  Drone  
  30  3:15  Extractor  
  30  3:17  Drone  
  30  3:18  Drone  
  31  3:22  Drone  
  32  3:30  Drone  
  32  3:32  Drone  
  34  3:35  Drone  
  35  3:41  Queen  
  35  3:43  Drone  
  38  3:48  Pneumatized Carapace  
  38  3:50  Drone  
  38  3:53  Zergling x2  
  40  3:56  Drone x2  
  43  4:02  Drone  
  43  4:03  Drone x2  
  43  4:09  Zergling x6  
  48  4:24  Drone x2  
  49  4:31  Drone, Roach Warren  
  50  4:34  Overlord x2  
  50  4:45  Zergling x6  
  45  4:46  Zergling x6  
  48  4:54  Spine Crawler  
  48  4:55  Spine Crawler  
  36  5:20  Zergling x2  
  36  5:21  Zergling x8  
  25  5:31  Zergling x8  
  29  5:36  Spawning Pool  
  29  5:38  Spine Crawler, Extractor x2  
  24  5:42  Spine Crawler  
  24  5:49  Drone x3  
  27  5:50  Drone  
  21  6:17  Drone x4  
  21  6:18  Drone x3  
  28  6:19  Drone x2  
  28  6:20  Drone  
  31  6:42  Drone x2  
  31  6:44  Drone x2  
  35  6:57  Drone x3  
  35  7:00  Drone x2  
  40  7:04  Drone  
  41  7:09  Drone  
  41  7:11  Extractor  
  41  7:14  Extractor  
  40  7:24  Roach Warren  
  39  7:32  Drone x2  
  39  7:33  Drone x2  
  39  7:34  Drone  
  44  7:38  Zergling x8  
  44  7:39  Zergling x2  
  49  7:53  Zergling x4  
  49  7:57  Lair  
  48  8:03  Spore Crawler x2  
  45  8:08  Spore Crawler  
  45  8:12  Spore Crawler  
  43  8:13  Spore Crawler  
  42  8:24  Roach x2  
  42  8:25  Roach x2  
  42  8:26  Roach  
  52  8:27  Drone  
  52  8:30  Drone x2  
  52  8:31  Drone x3, Hatchery  
  57  8:36  Overlord  
  57  8:38  Overlord  
  57  8:45  Overlord  
  57  8:46  Overlord  
  57  8:55  Spore Crawler  
  56  9:01  Hydralisk Den  
  51  9:14  Queen  
  51  9:20  Spore Crawler  
  51  9:23  Spore Crawler  
  51  9:24  Spore Crawler  
  48  9:27  Queen  
  48  9:30  Hydralisk x4  
  58  9:32  Hydralisk  
  60  9:45  Drone x3  
  63  9:48  Drone x3  
  63  9:52  Drone  
  67  9:55  Queen  
  67  9:57  Drone  
  70  10:15  Drone  
  70  10:16  Overlord  
  70  10:17  Overlord  
  71  10:23  Roach  
  71  10:24  Roach x2  
  71  10:25  Roach  
  79  10:34  Hydralisk x2  
  79  10:35  Roach  
  75  10:57  Hydralisk x5  
  29  11:19  Zergling x2  
  29  11:20  Zergling x12  
  16  11:44  Spine Crawler  
Show
View Real Time Build Order
Export as new Build Order

Teredal Protoss 

Build Orders:  

Get SALT Encoding   

  12  1:06  Pylon  
  12  1:16  Probe (Chrono Boost)  
  13  1:26  Forge  
  13  1:27  Probe (Chrono Boost)  
  14  1:36  Nexus, Pylon  
  14  1:37  Probe (Chrono Boost)  
  14  1:38  Pylon  
  15  1:48  Probe (Chrono Boost)  
  16  1:54  Pylon  
  16  1:59  Probe (Chrono Boost)  
  17  2:09  Probe (Chrono Boost)  
  17  2:12  Pylon  
  18  2:20  Probe (Chrono Boost)  
  19  2:30  Probe (Chrono Boost)  
  19  2:32  Photon Cannon  
  20  2:41  Probe (Chrono Boost)  
  20  2:43  Pylon  
  21  2:44  Photon Cannon  
  21  2:51  Probe (Chrono Boost)  
  21  2:53  Pylon  
  21  2:55  Pylon  
  21  2:58  Probe (Chrono Boost)  
  23  3:02  Probe (Chrono Boost)  
  24  3:09  Probe (Chrono Boost)  
  24  3:11  Photon Cannon  
  24  3:12  Probe (Chrono Boost)  
  26  3:19  Probe (Chrono Boost), Photon Cannon  
  27  3:20  Photon Cannon  
  27  3:23  Probe (Chrono Boost)  
  27  3:25  Photon Cannon  
  28  3:34  Pylon  
  28  3:43  Probe (Chrono Boost)  
  28  3:44  Probe (Chrono Boost)  
  30  3:52  Photon Cannon  
  30  3:54  Probe x2 (Chrono Boost)  
  32  4:02  Photon Cannon  
  32  4:04  Probe (Chrono Boost)  
  29  4:15  Probe (Chrono Boost)  
  29  4:17  Pylon x2  
  30  4:21  Photon Cannon  
  30  4:22  Photon Cannon  
  30  4:24  Photon Cannon  
  30  4:33  Pylon  
  30  4:39  Pylon  
  30  4:44  Pylon  
  30  5:02  Photon Cannon x2  
  30  5:07  Photon Cannon  
  30  5:08  Pylon  
  30  5:14  Photon Cannon  
  30  5:19  Pylon  
  30  5:22  Photon Cannon  
  29  5:34  Pylon  
  29  5:40  Pylon  
  29  5:53  Photon Cannon  
  29  5:55  Photon Cannon  
  29  6:02  Pylon  
  28  6:16  Photon Cannon  
  28  6:28  Pylon  
  27  7:00  Pylon  
  27  7:09  Nexus  
  27  7:13  Gateway  
  27  7:58  Assimilator x2  
  27  8:01  Cybernetics Core  
  26  8:40  Gateway  
  5  9:35  Warp Gate (Chrono Boost)  
  5  9:59  Twilight Council  
  5  10:39  Dark Shrine  
  5  10:41  Probe  
  6  10:53  Probe  
  7  11:18  Gateway  
Show
View Real Time Build Order
Export as new Build Order

Hammy Protoss 

Build Orders:  

Get SALT Encoding   

  12  0:01  Probe (Chrono Boost)  
  13  0:11  Probe (Chrono Boost)  
  14  0:18  Pylon  
  14  0:23  Probe (Chrono Boost)  
  15  0:37  Probe (Chrono Boost)  
  15  0:38  Gateway  
  16  0:47  Probe (Chrono Boost)  
  17  0:54  Assimilator  
  17  0:58  Probe (Chrono Boost)  
  18  1:08  Probe (Chrono Boost)  
  19  1:13  Pylon  
  19  1:19  Probe (Chrono Boost)  
  20  1:29  Probe (Chrono Boost)  
  21  1:33  Cybernetics Core  
  21  1:36  Gateway  
  22  1:40  Probe (Chrono Boost)  
  22  1:45  Gateway  
  22  1:50  Probe (Chrono Boost)  
  23  1:54  Zealot  
  23  2:01  Probe (Chrono Boost)  
  26  2:06  Assimilator  
  26  2:10  Warp Gate (Chrono Boost)  
  26  2:21  Stalker  
  28  2:23  Adept  
  30  2:37  Pylon  
  30  2:51  Pylon, Gateway  
  30  2:56  Mothership Core  
  32  3:29  Probe  
  33  4:57  Pylon  
  26  5:11  Mothership Core  
  27  5:16  Stalker x2  
  27  5:17  Stalker  
  33  5:25  Pylon  
  33  5:28  Stalker  
  35  5:41  Stalker  
  35  5:42  Stalker x2  
  38  5:56  Stalker  
  28  6:06  Stalker x3  
  34  6:18  Probe  
  35  6:25  Stalker  
  35  6:29  Stalker x3  
  43  6:46  Gateway  
  43  7:14  Stalker  
  43  7:15  Stalker x3  
  48  7:18  Pylon  
  30  7:55  Stalker  
  30  7:56  Stalker x3  
  35  8:19  Stalker  
  37  8:20  Stalker x3  
  43  8:40  Pylon  
  43  9:01  Pylon, Stalker x4  
  51  9:06  Gateway  
  51  9:08  Gateway  
  51  9:15  Gateway  
  51  9:24  Stalker x2  
  49  9:53  Stalker x3  
  55  10:11  Robotics Facility  
  34  10:58  Stalker  
  34  10:59  Stalker x3  
  34  11:00  Stalker  
  34  11:16  Observer  
  35  11:25  Pylon  
  35  11:29  Stalker  
  35  11:46  Stalker  
Tags
 
Add a new tag
Caveats
  • Supply blocks, unpowered buildings, or Contaminate may cause inaccurate times.
  • Supply counts are checked every 10 seconds.